Cogmind - Beta 14 @@@ ROGUE MODE // 2024.08.23 @ 18:42:42 // Winter2019/RPGLIKE Player: Daffa0360 Result: Destroyed by 3M-VIS(R) with Subdweller Laser Performance ------------- Evolutions (0) 0 Regions Visited (3) 600 Robots Destroyed (34) 170 Value Destroyed (899) 899 Prototype IDs (0) 0 Alien Tech Used (0) 0 Bonus (0) 0 TOTAL SCORE: 1669 Bonus ------- None Cogmind --------- Core Integrity 0/600 Matter 18/300 Energy 125/125 System Corruption 1% Temperature Cool (6) Movement Flying (37) Location -10/Subcaves Parts ------- > --- POWER (1) -------- Light Ion Engine > --- PROPULSION (2) --- Flight Unit Flight Unit > --- UTILITY (3) ------ Targeting Computer Hacking Suite > --- WEAPON (2) ------- Autogun Autogun > --- INVENTORY (2) ---- Grenade Launcher Mining Laser Peak State ------------ > --- POWER ------------ Light Ion Engine > --- PROPULSION ------- Flight Unit Flight Unit > --- UTILITY ---------- Targeting Computer Hacking Suite > --- WEAPON ----------- Autogun Autogun > --- INVENTORY -------- Weight Redist. System Grenade Launcher [Rating: 11] Favorites ----------- Power Light Ion Engine Engine Light Ion Engine Propulsion Flight Unit Leg Aluminum Leg Flight Unit Flight Unit Utility Targeting Computer Processor Targeting Computer Hackware Hacking Suite Weapon Autogun Energy Gun Small Laser Ballistic Gun Autogun Launcher Grenade Launcher Special Weapon Mining Laser Build | -11 -10 -10 -10 ------- Run | Yrd Mat Min Sub Slots Evolved 4 | . 3 . 1 Power . | . . . . Propulsion 1 | . 1 . . Utility 2 | . 1 . 1 Weapon 1 | . 1 . . Parts Attached 31 | . 10 2 19 Power 1 | . . 1 . Engine 1 | . . 1 . Core . | . . . . Reactor . | . . . . Propulsion 3 | . 2 1 . Treads . | . . . . Leg . | . . . . Wheel . | . . . . Hover . | . . . . Flight 3 | . 2 1 . Utility 2 | . 2 . . Device . | . . . . Storage . | . . . . Processor 1 | . 1 . . Hackware 1 | . 1 . . Protection . | . . . . Artifact . | . . . . Weapon 25 | . 6 . 19 Energy Gun 2 | . 2 . . Energy Cannon . | . . . . Ballistic Gun 11 | . 2 . 9 Ballistic Cannon . | . . . . Launcher 4 | . 2 . 2 Special Weapon 8 | . . . 8 Impact Weapon . | . . . . Slashing Weapon . | . . . . Piercing Weapon . | . . . . Special Melee Weapon . | . . . . Unidentified Prototypes . | . . . . Parts Lost . | . . . . Power . | . . . . Propulsion . | . . . . Utility . | . . . . Weapon . | . . . . Highest Loss Streak . | . . . . To Critical Strikes . | . . . . Average Slot Usage (%) 87 | . 73 100 87 Engine 13 | . 15 14 12 Leg 1 | . 6 . . Flight 23 | . 15 28 25 Processor 10 | . 3 14 12 Hackware 10 | . 1 14 12 Energy Gun 1 | . 10 . . Ballistic Gun 21 | . 17 28 19 Launcher 2 | . 1 . 3 Special Weapon 1 | . . . 2 Peak Build Rating 11 | 3 11 11 11 Average Rating 9 | 3 5 11 10 On Entrance 7 | 3 3 11 11 Naked Turns . | . . . . Heaviest Build 9 | 5 9 9 9 Greatest Support 13 | 10 13 13 13 Greatest Overweight (x) 1 | . 1 . . Average Overweight (x) . | . . . . Largest Inventory Capacity 2 | . 2 2 2 Average Capacity 1 | . 1 2 2 Most Carried 2 | . 2 2 2 Average Carried 1 | . 1 2 2 Final Capacity 2 | . 2 2 2 Final Carried 2 | . 2 2 2 Class Distribution -------------------- 87% | Hacker-Mutant 12% | Mutant Dominant Class ---------------- Mutant | -10/Materials Hacker-Mutant | -10/Mines Hacker-Mutant | -10/Subcaves Resources | -11 -10 -10 -10 ----------- Run | Yrd Mat Min Sub Matter Collected 984 | 215 134 252 383 Remotely . | . . . . Salvage Created 686 | 96 287 66 237 Parts 57 | 2 25 4 26 Haulers Intercepted 2 | . 2 . . Recyclers Shooed 2 | . 2 . . Parts Field Recycled . | . . . . Retrieved Matter . | . . . . Parts Self-Destructed 3 | . . . 3 Prevented . | . . . . Kills | -11 -10 -10 -10 ------- Run | Yrd Mat Min Sub Combat Hostiles Destroyed 29 | . 11 5 13 Guns 15 | . 3 5 7 AOE 14 | . 8 . 6 Classes Destroyed 9 | 1 6 1 1 Builder 1 | . 1 . . Tunneler 1 | . 1 . . Hauler 2 | . 2 . . Recycler 3 | 1 2 . . Operator 1 | . 1 . . Swarmer 9 | . 9 . . Grunt 4 | . 2 2 . Subdweller 13 | . . . 13 Assembled 3 | . . 3 . Best Kill Streak 12 | 1 12 2 4 Combat Bots Only 8 | . 8 2 4 Max Kills in Single Turn 5 | 1 5 2 2 Gunslinging 1 | . . 1 . Exploded 4 | . 4 . 2 Melee . | . . . . Uniques/NPCs Destroyed . | . . . . Combat | -11 -10 -10 -10 -------- Run | Yrd Mat Min Sub Hostile Shots Fired 134 | . 47 17 70 Missed 52 | . 20 4 28 Damage Taken 1402 | . 300 181 921 Core 1151 | . 243 154 754 Absorbed by Shields . | . . . . Redirected to Core 853 | . 182 87 584 Core Remaining (%) 100 | 100 . . . Volleys Fired 127 | 7 31 14 75 Largest 2 | 1 2 2 2 Hottest 100 | 20 60 46 100 Shots Fired 207 | 7 60 28 112 Gun 161 | 7 56 28 70 Cannon . | . . . . Launcher 22 | . 4 . 18 Special 24 | . . . 24 Kinetic 139 | 7 34 28 70 Thermal 46 | . 22 . 24 Explosive 22 | . 4 . 18 Electromagnetic . | . . . . Robot Hit Streak 23 | 5 12 16 23 Robot Miss Streak 3 | 2 3 2 1 Penetration Max . | . . . . Secondary Targets 4 | . 2 2 . Max Gunslinging Chain 1 | . 1 1 . Shots Hit Robots 122 | 5 29 24 64 Core Hits 58 | 2 22 8 26 Critical Kills . | . . . . Critical Parts Destroyed . | . . . . Critical Strikes . | . . . . Melee Attacks . | . . . . Impact . | . . . . Slashing . | . . . . Piercing . | . . . . Sneak Attacks . | . . . . Combat Hostiles . | . . . . Follow-up Attacks . | . . . . Damage Inflicted 3698 | 65 1411 384 1838 Guns 1583 | 65 340 384 794 Cannons . | . . . . Explosions 2115 | . 1071 . 1044 Melee . | . . . . Ramming . | . . . . Kinetic 1430 | 65 187 384 794 Thermal 817 | . 817 . . Explosive 1451 | . 407 . 1044 Electromagnetic . | . . . . Impact . | . . . . Slashing . | . . . . Piercing . | . . . . Highest Corruption 1 | . 1 1 1 Average Corruption 1 | . 1 1 1 Corruption Purged . | . . . . Corruption Blocked . | . . . . Effects 18 | . 1 5 12 Message Errors 4 | . . 1 3 Matter Fused 2 | . . . 2 Heat Flow Errors 1 | . . 1 . Energy Discharges 1 | . . . 1 Data Loss (minor) 3 | . . 2 1 Data Loss (major) 3 | . 1 1 1 Misfires 3 | . . . 3 Alerts 1 | . . . 1 Overload Shots . | . . . . Overflow Damage 83 | . 83 . . Projectiles . | . . . . Explosions 83 | . 83 . . Melee . | . . . . Knockbacks . | . . . . Impact . | . . . . Kinetic . | . . . . Secondary . | . . . . Self-Inflicted Damage 16 | . 6 . 10 Shots 2 | . 1 . 1 Rammed . | . . . . Targets Rammed . | . . . . Kicked . | . . . . Crushed . | . . . . Highest Temperature 97 | . 24 97 . Average Temperature 24 | . 8 47 . Received Heat Transfer 198 | . . 87 111 Siege Activations . | . . . . Robots Corrupted . | . . . . Combat Hostiles . | . . . . Parts Fried . | . . . . Impact Corruptions . | . . . . Robots Melted . | . . . . Combat Hostiles . | . . . . Parts Melted 2 | . 2 . . Heat Transferred 800 | . 800 . . Parts Sabotaged . | . . . . Parts Stolen . | . . . . Parts Stripped . | . . . . Power Chain Reactions . | . . . . Alert | -11 -10 -10 -10 ------- Run | Yrd Mat Min Sub Peak Influence 525 | 5 525 111 . Initial 31 | . 3 31 . Average 117 | 3 226 46 . Maximum Alert Level 2 | . 2 . . Low Security (%) 82 | 100 56 100 . Level 1 3 | . 8 . . Level 2 13 | . 34 . . Level 3 . | . . . . Level 4 . | . . . . Level 5 . | . . . . High Security . | . . . . Max Security . | . . . . Squads Dispatched 1 | . 1 . . Investigation . | . . . . Extermination . | . . . . Reinforcement 1 | . 1 . . Assault . | . . . . Garrison . | . . . . Intercept . | . . . . Searches Triggered . | . . . . Construction Impeded . | . . . . Haulers Reinforced . | . . . . Active Scanning Responses . | . . . . Cargo Convoy Interrupts . | . . . . Stealth | -11 -10 -10 -10 --------- Run | Yrd Mat Min Sub Distress Signals 2 | . 2 . . Communications Jammed . | . . . . Distress Signals . | . . . . Times Spotted 40 | . 16 5 19 Peak Tracking Total 9 | . 9 2 3 Tactical Retreats 3 | . . . 3 Traps | -11 -10 -10 -10 ------- Run | Yrd Mat Min Sub Traps Triggered 1 | . 1 . . Indirectly . | . . . . Trap Hack Attempts . | . . . . Triggered . | . . . . Disarmed . | . . . . Reprogrammed . | . . . . Reused . | . . . . Traps Extracted . | . . . . Installed . | . . . . Triggered . | . . . . Machines | -11 -10 -10 -10 ---------- Run | Yrd Mat Min Sub Machines Disabled 9 | . 9 . . Max in Single Turn 8 | . 8 . . Machines Repaired . | . . . . Machines Dismantled . | . . . . Machines Sabotaged . | . . . . Overloaded Fab Kills . | . . . . Hacking | -11 -10 -10 -10 --------- Run | Yrd Mat Min Sub Machines Accessed 5 | . 5 . . Terminals 5 | . 5 . . Fabricators . | . . . . Repair Stations . | . . . . Recycling Units . | . . . . Scanalyzers . | . . . . Garrison Access . | . . . . Total Hacks 17 | . 17 . . Successful 11 | . 11 . . Failed 5 | . 5 . . Catastrophic 1 | . 1 . . Database Lockouts 1 | . 1 . . Manual 14 | . 14 . . Terminals 17 | . 17 . . Fabricators . | . . . . Repair Stations . | . . . . Recycling Units . | . . . . Scanalyzers . | . . . . Garrison Access . | . . . . Terminal Hacks 11 | . 11 . . Record 1 | . 1 . . Robot Analysis 1 | . 1 . . Emergency Access Points 1 | . 1 . . Alert Level 3 | . 3 . . Unreport Threat 3 | . 3 . . Locate Traps 2 | . 2 . . Fabricator Hacks . | . . . . Repair Station Hacks . | . . . . Recycling Unit Hacks . | . . . . Scanalyzer . | . . . . Garrison Access Hacks . | . . . . Unauthorized Hacks . | . . . . Terminals . | . . . . Fabricators . | . . . . Repair Stations . | . . . . Recycling Units . | . . . . Scanalyzers . | . . . . Garrison Access . | . . . . Data Cores Recovered . | . . . . Used . | . . . . Hacking Detections 5 | . 5 . . Full Trace Events . | . . . . Feedback Events . | . . . . Feedback Blocked . | . . . . Robot Schematics Acquired . | . . . . Robots Built . | . . . . Authchips . | . . . . Time . | . . . . Total Robot Build Rating . | . . . . Part Schematics Acquired . | . . . . Parts Built . | . . . . Authchips . | . . . . Time . | . . . . Total Part Build Rating . | . . . . Parts Repaired . | . . . . Time . | . . . . Parts Recycled . | . . . . Recycled Matter . | . . . . Retrieved Matter . | . . . . Retrieved Components . | . . . . Parts Scanalyzed . | . . . . Part Schematics Acquired . | . . . . Parts Damaged . | . . . . Bothacking | -11 -10 -10 -10 ------------ Run | Yrd Mat Min Sub Used RIF Installer . | . . . . Robots Hacked . | . . . . Non-combat . | . . . . Combat . | . . . . Robot Hacks Applied . | . . . . Relay Couplers Released . | . . . . Fabnet Peak Effective % . | . . . . Robots Rewired . | . . . . Allies Hacked . | . . . . Hacks Repelled . | . . . . Allies | -11 -10 -10 -10 -------- Run | Yrd Mat Min Sub Total Allies . | . . . . Largest Group . | . . . . Highest-Rated Group . | . . . . Highest-Rated Ally . | . . . . Total Orders . | . . . . Ally Attacks . | . . . . Total Damage . | . . . . Kills . | . . . . Allies Corrupted . | . . . . Allies Melted 1 | . . 1 . Intel | -11 -10 -10 -10 ------- Run | Yrd Mat Min Sub Robot Analysis Total 1 | . 1 . . Derelict Logs Recovered 4 | . . 2 2 Drone Launches . | . . . . Drone Recoveries . | . . . . Exploration | -11 -10 -10 -10 ------------- Run | Yrd Mat Min Sub Turns Passed 2029 | 42 368 506 1113 Spaces Moved 2650 | 24 387 483 1756 Core . | . . . . Treads . | . . . . Legs 102 | 24 78 . . Wheels . | . . . . Hover . | . . . . Flight 2548 | . 309 483 1756 Fastest Speed 37 | 120 37 37 37 Average Speed 41 | 120 60 37 37 Slowest Speed 120 | 120 120 37 37 Overloaded Moves . | . . . . Propulsion Burnouts . | . . . . Robots Hopped 2 | . . 2 . Cave-ins Triggered . | . . . . Exploration Rate (%) 55 | 2 58 72 90 Regions Visited 3 Branch Regions 2 Pre-discovered Areas 1 | . . 1 . Known Exits Taken 1 | . . 1 . Unknown Exits Taken 2 | 1 1 . . Scrap Searched 2 | . . . 2 Spaces Dug . | . . . . Terrain Destroyed 147 | . 36 . 111 Melee . | . . . . Projectile . | . . . . AOE 147 | . 36 . 111 Terrain Rammed . | . . . . Walls Destroyed . | . . . . Machines Disabled . | . . . . Actions | -11 -10 -10 -10 --------- Run | Yrd Mat Min Sub Total 3345 | 30 462 786 2067 Wait 497 | . 13 277 207 Move 2643 | 23 386 478 1756 Hop 2 | . . 2 . Pick Up 11 | . 11 . . Fast Attach 3 | . 3 . . Attach 4 | . 4 . . Detach . | . . . . Swap 24 | . 3 2 19 Drop 10 | . 8 2 . Fire 127 | 7 31 14 75 Melee . | . . . . Ram . | . . . . Kick . | . . . . Crush . | . . . . Escape Stasis . | . . . . Rewire . | . . . . Trap . | . . . . Miscellaneous 24 | . 3 11 10 Route ------- -11/Scrapyard -10/Materials (discovered 2 exits: [*Mat] / [*Min]) -10/Mines (discovered 3 exits: [*Mat x2] / *Sub) -10/Subcaves (discovered 3 exits: [*Mat x2] / Rec) History --------- Turn | Location | Event 1 | -11/Scrapyard | Discovered new exit (range 1) 43 | -11/Scrapyard | Entered Materials 60 | -10/Materials | Upgraded with Utility slot (x1) 70 | -10/Materials | Upgraded with Weapon slot (x1) 224 | -10/Materials | Reached level 2 245 | -10/Materials | Destroyed 8 combat bots 264 | -10/Materials | Upgraded with Propulsion slot (x1) 266 | -10/Materials | Discovered new exit (range 15) 387 | -10/Materials | Discovered new exit (range 8) 397 | -10/Materials | Central database locked down 411 | -10/Materials | Entered Mines 412 | -10/Mines | Assembled infested the area 415 | -10/Mines | Discovered new exit (range 15) 416 | -10/Mines | Met a Derelict bent on vengeance 417 | -10/Mines | Assisted by a Guerilla fighting off Assembled 539 | -10/Mines | Learned location of Storage (-9) 562 | -10/Mines | Build established: Hacker-Mutant 591 | -10/Mines | Identified exit to Subcaves 787 | -10/Mines | Discovered new exit (range 7) 917 | -10/Mines | Entered Subcaves 919 | -10/Subcaves | A swath of the cavern ceiling suddenly collapsed 919 | -10/Subcaves | Reached level 3 919 | -10/Subcaves | Upgraded with Utility slot (x1) 938 | -10/Subcaves | Ambushed by Subdwellers from Twisted Machinery 945 | -10/Subcaves | Discovered new exit (range 12) 1099 | -10/Subcaves | Ambushed by Subdwellers from Twisted Machinery 1137 | -10/Subcaves | Core integrity fell below 50% 1403 | -10/Subcaves | Discovered new exit (range 8) 1438 | -10/Subcaves | Ambushed by Subdweller buried in earth 1511 | -10/Subcaves | Learned Materials trap positions 1899 | -10/Subcaves | Identified exit to Recycling 1933 | -10/Subcaves | Core integrity fell below 20% 2030 | -10/Subcaves | Destroyed by 3M-VIS(R) with Subdweller Laser Last Messages --------------- 01529_ 0E-G5N(R) destroyed. 01539_ TN-XG4(R) destroyed. 01542_ Acquired 50 matter. 01569_ FPDGXSX60MW,OULWGSHM QFBUQDENDPFRV|